[Event "International chess holiday M21"]
[Site "Praha"]
[Date "2012.07.25"]
[Round "6"]
[White "Gregor, Jiøí"]
[Black "Nilsson, Anders"]
[Result "0-1"]
[ECO "A44"]
[WhiteElo "2281"]
[BlackElo "2194"]
[Annotator ",Martin"]
[PlyCount "66"]
[TimeControl "240+2"]

1. d4 c5 2. d5 e5 3. e4 d6 4. h3 Be7 5. Nf3 Nf6 6. Nc3 h5
7. Be2 Nbd7 8. g3 Nf8 9. Be3 Ng6 10. Qd2 a6 11. a4 Qa5 12. Ra3 Bd7 13. Ng5 h4
14. g4 O-O 15. O-O Qd8 16. a5 Nh7 17. Nxh7 Kxh7 18. Rb1 Rg8 19. Nd1 Nf8 20. c4
g6 21. b4 cxb4 22. Rxb4 f5 23. f3 Bc8 24. Nb2 Kh8 25. Nd3 Nh7 26. f4 fxg4 27.
fxe5 Ng5 28. exd6 Nxh3+ 29. Kh1 Bxd6 30. Bb6 Qf8 31. Bd4+ Kh7 32. c5 Bg3 33.
Rab3 Qe7 neèitelné 0-1

[Event "International chess holiday M21"]
[Site "Praha"]
[Date "2012.07.25"]
[Round "6"]
[White "Dalling, Peter"]
[Black "Hanko, Pavol"]
[Result "0-1"]
[ECO "B40"]
[WhiteElo "1958"]
[BlackElo "2169"]
[Annotator ",Martin"]
[PlyCount "114"]
[TimeControl "240+2"]

1. e4 c5 2. Nf3 e6 3. d4 cxd4 4. c3 Nf6 5. Bd3 dxc3 6.
Nxc3 d6 7. Qe2 Nc6 8. O-O a6 9. a4 Be7 10. Rd1 Qa5 11. Bc4 O-O 12. h3 Qh5 13.
Qe3 Ne5 14. Nxe5 dxe5 15. Be2 Qg6 16. Bf3 Bd7 17. Ne2 Bc6 18. Ng3 Rfd8 19.
Rxd8+ Rxd8 20. Bd2 Rd4 21. Bc3 Rxa4 22. Rxa4 Bxa4 23. Bxe5 Nd7 24. Bc3 Bc6 25.
Nh5 e5 26. Kh2 Bc5 27. Qe1 Qd6 28. Ng3 g6 29. Kg1 Nf8 30. Qc1 Ne6 31. Qh6 Nd4
32. Bg4 Qf6 33. Qd2 Qf4 34. Qxf4 exf4 35. Ne2 Nxe2+ 36. Bxe2 Bxe4 37. Kf1 Kf8
38. Bc4 Ke7 39. f3 Bf5 40. Ke2 Be6 41. Bd3 Bd5 42. b4 Bd6 43. b5 axb5 44. Bxb5
Bc6 45. Bc4 b5 46. Bb3 b4 47. Bb2 Bb5+ 48. Ke1 f6 49. h4 Be5 50. Bc1 h6 51. Kf2
g5 52. h5 Be8 53. Bd2 Bd6 54. Ke2 Bxh5 55. Kd3 Bg6+ 56. Kd4 Be5+ 57. Kc5 Bc3
0-1

[Event "International chess holiday M21"]
[Site "Praha"]
[Date "2012.07.25"]
[Round "6"]
[White "Thomasson, Staffan"]
[Black "Moravec, Vít"]
[Result "0-1"]
[ECO "A29"]
[WhiteElo "1931"]
[BlackElo "2141"]
[Annotator ",Martin"]
[PlyCount "67"]
[TimeControl "240+2"]

1. c4 e5 2. g3 Nc6 3. Bg2 Bc5 4. Nc3 d6 5. d3 h6 6. Nf3
Nf6 7. Bd2 O-O 8. O-O Ne7 9. Na4 Bb6 10. Nxb6 axb6 11. Qc2 Nc6 12. b4 Bg4 13.
Bc3 Qd7 14. Rfe1 Rfe8 15. b5 Nd8 16. Nd2 d5 17. a4 d4 18. Bb2 Bf5 19. Reb1 Rb8
20. a5 bxa5 21. Rxa5 Bh3 22. Bh1 Qg4 23. Re1 Qg6 24. Ra7 Nh5 25. Nf3 f5 26. c5
f4 27. Nh4 Qg5 28. Bc1 Rf8 29. Be4 Nf6 30. Bf3 Ng4 31. Qc4+ Kh8 32. Be4 Rf6 33.
Qd5 fxg3 34. hxg3 0-1

[Event "International chess holiday K21"]
[Site "Praha"]
[Date "2012.07.25"]
[Round "6"]
[White "Taylor, Robert"]
[Black "Powierski, Christian"]
[Result "1/2-1/2"]
[ECO "A35"]
[WhiteElo "1950"]
[BlackElo "1953"]
[Annotator ",Martin"]
[PlyCount "36"]
[TimeControl "240+2"]

1. c4 c5 2. Nc3 g6 3. Nf3 Bg7 4. d4 cxd4 5. Nxd4 Nc6 6. e3
Nf6 7. Be2 O-O 8. O-O Nxd4 9. Qxd4 d6 10. Qd1 Be6 11. Nb5 Qc8 12. Qb3 d5 13.
cxd5 Bxd5 14. Qa3 a6 15. Nc3 e6 16. Nxd5 Nxd5 17. Qb3 Rd8 18. Rd1 Rd6 1/2-1/2

[Event "International chess holiday K21"]
[Site "Praha"]
[Date "2012.07.25"]
[Round "6"]
[White "Schoenmakers, Nico"]
[Black "Schimmer, Michael"]
[Result "1-0"]
[ECO "B07"]
[WhiteElo "1916"]
[BlackElo "1884"]
[Annotator ",Martin"]
[PlyCount "79"]
[TimeControl "240+2"]

1. e4 d6 2. f4 g6 3. Nf3 Bg7 4. Bc4 Nf6 5. Nc3 O-O 6. d3
a6 7. a4 c5 8. O-O Nc6 9. Kh1 Rb8 10. Be3 Na5 11. Ba2 b5 12. axb5 axb5 13. Qd2
b4 14. Nd1 b3 15. Bb1 bxc2 16. Bxc2 Nb3 17. Bxb3 Rxb3 18. Nc3 Qb6 19. Ra2 e6
20. Qc2 Bd7 21. Nd2 Rb4 22. Nc4 Qb8 23. Rfa1 Bc6 24. Bd2 Ng4 25. Nd1 Rb3 26. h3
Nf6 27. Nxd6 Rd8 28. e5 Ne8 29. Ba5 Rd7 30. Qxc5 Bd5 31. Ra3 Nxd6 32. exd6 Rxd6
33. Rxb3 Qxb3 34. Qxd6 Qxd3 35. Qb8+ Bf8 36. Nf2 Qg3 37. Rg1 Qxf2 38. Bb4 Bxg2+
39. Rxg2 Qf1+ 40. Kh2 1-0

[Event "International chess holiday K21"]
[Site "Praha"]
[Date "2012.07.25"]
[Round "6"]
[White "Derfiòák, Patrik"]
[Black "Pokorný, Jan"]
[Result "1-0"]
[ECO "B06"]
[WhiteElo "1992"]
[BlackElo "1914"]
[Annotator ",Martin"]
[PlyCount "122"]
[TimeControl "240+2"]

1. e4 d6 2. d4 g6 3. g3 Bg7 4. Bg2 e5 5. c3 Ne7 6. Bg5 h6
7. Be3 c6 8. dxe5 dxe5 9. Qxd8+ Kxd8 10. Nd2 b6 11. a4 Be6 12. Ne2 Nd7 13. a5
Kc7 14. O-O f5 15. f4 fxe4 16. Bxe4 Nd5 17. Bf2 Bg4 18. Rfe1 exf4 19. Bxd5 Bxe2
20. Bxc6 Kxc6 21. Rxe2 Rae8 22. Rae1 Rxe2 23. Rxe2 fxg3 24. Bxg3 Nc5 25. Re7
Bf6 26. Rxa7 Rd8 27. Nf3 bxa5 28. Rxa5 Rd1+ 29. Kg2 Kb6 30. Ra8 Ne4 31. Re8
Nxg3 32. Re6+ Kc5 33. Kxg3 Bd8 34. Rxg6 h5 35. Re6 Bc7+ 36. Kg2 Rc1 37. Re2 Kc4
38. Nd4 Kd3 39. Rf2 Bb6 40. Rf3+ Ke4 41. Rf4+ Ke3 42. Rh4 Rb1 43. Nf5+ Kd3 44.
Rb4 Rg1+ 45. Kh3 Bc7 46. Ng3 Rb1 47. Nxh5 Kc2 48. Rb7 Bd8 49. c4 Rxb2 50. Rxb2+
Kxb2 51. Nf4 Kb3 52. Ne6 Ba5 53. c5 Kc4 54. c6 Kd5 55. c7 Bxc7 56. Nxc7+ Ke5
57. Kg4 Kf6 58. Kh5 Kg7 59. Ne6+ Kh7 60. h4 Kg8 61. Kh6 Kh8 1-0

[Event "International chess holiday K21"]
[Site "Praha"]
[Date "2012.07.25"]
[Round "6"]
[White "Hadžala, Daniel"]
[Black "Krupièka, Josef"]
[Result "1-0"]
[ECO "A05"]
[WhiteElo "2126"]
[BlackElo "1879"]
[Annotator ",Martin"]
[PlyCount "87"]
[TimeControl "240+2"]

1. Nf3 d5 2. g3 Nf6 3. Bg2 e6 4. d3 b6 5. c3 Bb7 6. O-O
Be7 7. Nbd2 O-O 8. b4 a6 9. Bb2 Nbd7 10. Qb3 c5 11. a3 a5 12. b5 e5 13. Qc2 Ne8
14. e4 f6 15. Qb3 Nc7 16. Nh4 a4 17. Qa2 Kh8 18. exd5 Nxb5 19. Nf5 Nd6 20. Nxd6
Bxd6 21. Ne4 Qc7 22. c4 Ba6 23. h4 b5 24. h5 h6 25. Nc3 bxc4 26. dxc4 Nb6 27.
Nb5 Bxb5 28. cxb5 Ra5 29. Bc3 Rxb5 30. Rab1 Rxb1 31. Rxb1 Rb8 32. Qe2 Qa7 33.
Rb5 Qa6 34. Bf1 Qc8 35. Ra5 Nxd5 36. Bd2 Nb6 37. Kh2 c4 38. Bh3 Qc7 39. Qe4
Bxa3 40. Qg6 Nd7 41. Qf7 Rd8 42. Rd5 Bd6 43. Bxh6 Nb6 44. Bxg7+ 1-0

[Event "International chess holiday K22"]
[Site "Praha"]
[Date "2012.07.25"]
[Round "6"]
[White "Lakoviè, Igor"]
[Black "Vítek, Jan"]
[Result "1/2-1/2"]
[ECO "D52"]
[WhiteElo "1936"]
[BlackElo "1970"]
[Annotator ",Martin"]
[PlyCount "46"]
[TimeControl "240+2"]

1. d4 d5 2. c4 c6 3. Nf3 Nf6 4. Nc3 e6 5. Bg5 Nbd7 6. cxd5
exd5 7. e3 Qa5 8. Bxf6 Nxf6 9. Bd3 Bb4 10. Qc2 O-O 11. O-O Re8 12. a3 Bxc3 13.
bxc3 Ne4 14. c4 Bf5 15. Rfc1 dxc4 16. Qxc4 Nd6 17. Qc2 Bxd3 18. Qxd3 Qf5 19.
Qb3 Ne4 20. Rab1 Nd6 21. Rc5 Qe6 22. Qc2 f6 23. Qb3 Qxb3 1/2-1/2

[Event "International chess holiday K22"]
[Site "Praha"]
[Date "2012.07.25"]
[Round "6"]
[White "Borries, Barbara"]
[Black "Èisárik, Pavol"]
[Result "1/2-1/2"]
[ECO "C69"]
[WhiteElo "1873"]
[BlackElo "1728"]
[Annotator ",Martin"]
[PlyCount "42"]
[TimeControl "240+2"]

1. e4 e5 2. Nf3 Nc6 3. Bb5 a6 4. Bxc6 dxc6 5. O-O f6 6. d3
Bc5 7. Be3 Bxe3 8. fxe3 Bg4 9. Qe1 Qd7 10. Qc3 Ne7 11. Nbd2 O-O-O 12. a4 Ng6
13. a5 Bxf3 14. Nxf3 h5 15. h3 Rdg8 16. Rad1 Qe7 17. Rd2 c5 18. Qc4 Rd8 19. Kh2
h4 20. Kh1 Rhf8 21. Rdf2 Qd6 1/2-1/2

[Event "International chess holiday K22"]
[Site "Praha"]
[Date "2012.07.25"]
[Round "6"]
[White "Franìk, Jan"]
[Black "Krischke, Arnold"]
[Result "0-1"]
[ECO "A39"]
[WhiteElo "1965"]
[BlackElo "2039"]
[Annotator ",Martin"]
[PlyCount "76"]
[TimeControl "240+2"]

1. Nf3 Nf6 2. c4 c5 3. d4 cxd4 4. Nxd4 Nc6 5. Nc3 g6 6. g3 Bg7 7. Bg2 O-O 8.
O-O Nxd4 9. Qxd4 d6 10. b3 Be6 11. Bb2 Nd5 12. Qd2 Nxc3 13. Bxc3 Bxc3 14. Qxc3
Qc7 15. Rac1 Rac8 16. Qd2 b6 17. e4 a5 18. a4 Qc5 19. Kh1 Kg7 20. f4 f6 21.
Rce1 Rcd8 22. Qe2 Bd7 23. h4 h6 24. Kh2 g5 25. Bh3 Bxh3 26. Kxh3 Rg8 27. e5 dxe5 28. fxe5 Rgf8 29. exf6+ exf6 30. Qe7+ Qxe7 31. Rxe7+ Rf7 32. Re6 f5 33. Rxb6 Rd2 34. hxg5 hxg5 35. Re1 Rf6 36. Re7+ Kg6 37. Rxf6+ Kxf6 38. Ra7 g4+ 0-1

[Event "International chess holiday K22"]
[Site "Praha"]
[Date "2012.07.25"]
[Round "6"]
[White "Hánl, František"]
[Black "Bouèek, Vlastimil"]
[Result "1-0"]
[ECO "C01"]
[WhiteElo "1911"]
[BlackElo "2008"]
[Annotator ",Martin"]
[PlyCount "91"]
[TimeControl "240+2"]

1. d4 d5 2. c4 e6 3. Nc3 c6 4. e4 Nf6 5. exd5 exd5 6. cxd5
Nxd5 7. Bc4 Nb6 8. Bb3 Bd6 9. Nge2 O-O 10. O-O Bg4 11. f3 Bh5 12. Nf4 Bg6 13.
Nxg6 hxg6 14. Qd3 Be7 15. Be3 a5 16. a4 Kh7 17. f4 Bf6 18. Rf3 Nd5 19. Ne4 Nxe3
20. Nxf6+ Qxf6 21. Qxe3 Na6 22. g4 Rad8 23. Rd1 Rfe8 24. Qf2 Nb4 25. Rh3+ Kg8
26. g5 Qf5 27. Qh4 Kf8 28. Qg3 Re4 29. Qc3 Qg4+ 30. Kh1 Kg8 31. Rg1 Qf5 32. Rf1
Rexd4 33. Re1 Rd3 34. Rxd3 Rxd3 35. Re8+ Kh7 36. Qe1 Qxf4 37. Bxf7 Qf3+ 38. Kg1
Qg4+ 39. Kh1 Qxg5 40. Bg8+ Kh6 41. Bc4 Rd8 42. h4 Qf6 43. Qd2+ Kh7 44. Rxd8 Nd5
45. Rxd5 cxd5 46. Bxd5 1-0

[Event "International chess holiday K22"]
[Site "Praha"]
[Date "2012.07.25"]
[Round "6"]
[White "Wolf, Ulrich"]
[Black "Bílek, Roman"]
[Result "1-0"]
[ECO "D30"]
[WhiteElo "2056"]
[BlackElo "1972"]
[Annotator ",Martin"]
[PlyCount "116"]
[TimeControl "240+2"]

1. Nf3 Nf6 2. c4 e6 3. b3 c5 4. Bb2 Be7 5. g3 d5 6. cxd5
exd5 7. d4 O-O 8. Bg2 Nc6 9. O-O cxd4 10. Nxd4 Qb6 11. Qd3 Ne5 12. Qb5 Qd8 13.
e3 a6 14. Qe2 Bd6 15. Nc3 Be6 16. Rfd1 b5 17. a3 Qe7 18. h3 Rac8 19. f4 Nc6 20.
Nxc6 Rxc6 21. Nxd5 Nxd5 22. Bxd5 Bxd5 23. Rxd5 Qe4 24. Rd3 Bc5 25. Rc1 Rh6 26.
Kh2 Bb6 27. Bd4 Re8 28. Bxb6 Rxb6 29. Rdc3 Rbe6 30. Qg2 g6 31. Qxe4 Rxe4 32.
Re1 Rd8 33. Kg2 Rd2+ 34. Kf3 f5 35. Re2 Rd1 36. b4 Rf1+ 37. Rf2 Rh1 38. Rd2
Rxh3 39. Rd8+ Kf7 40. Rc7+ Re7 41. Rxe7+ Kxe7 42. Ra8 Kd6 43. Rxa6+ Kd5 44. Kg2
Rh5 45. Rb6 Kc4 46. Rc6+ Kb3 47. Rc5 Kxa3 48. Rxb5 Rh6 49. Rb7 Kb3 50. g4 Kc4
51. gxf5 gxf5 52. b5 Kd3 53. Re7 Rf6 54. Re5 Kc4 55. Kg3 Kd3 56. Kh4 Rg6 57.
Kh5 Kd2 58. e4 Kd3 1-0

[Event "International chess holiday M21"]
[Site "Praha"]
[Date "2012.07.26"]
[Round "7"]
[White "Michálek, František"]
[Black "Aigner, Georg"]
[Result "1-0"]
[ECO "C68"]
[WhiteElo "2071"]
[BlackElo "2007"]
[Annotator ",Martin"]
[PlyCount "87"]
[TimeControl "240+2"]

1. e4 e5 2. Nf3 Nc6 3. Bb5 a6 4. Bxc6 dxc6 5. Nc3 Bc5 6.
d3 Bg4 7. h3 Bh5 8. Qe2 Qd6 9. Be3 Ne7 10. g4 Bg6 11. Nxe5 Bxe3 12. Nxg6 Bxf2+
13. Qxf2 Nxg6 14. O-O-O Qf4+ 15. Qxf4 Nxf4 16. Rdf1 Ne6 17. h4 f6 18. h5 O-O
19. Ne2 Rf7 20. Rf2 Rd8 21. Nf4 Ng5 22. Rhf1 c5 23. h6 c6 24. hxg7 Kxg7 25.
Nh5+ Kg8 26. Nxf6+ Kg7 27. Nh5+ Kg8 28. Rf5 Rxf5 29. gxf5 c4 30. Rg1 h6 31. Kd2
Kf7 32. Ke3 cxd3 33. cxd3 c5 34. Rc1 b6 35. b4 Rc8 36. bxc5 bxc5 37. e5 Ke7 38.
Nf4 Kd7 39. Nd5 Rc6 40. Rb1 Kd8 41. Rb8+ Kd7 42. Rb7+ Kc8 43. Rg7 c4 44. Ne7+
1-0

[Event "International chess holiday M21"]
[Site "Praha"]
[Date "2012.07.26"]
[Round "7"]
[White "Moravec, Vít"]
[Black "Dalling, Peter"]
[Result "1-0"]
[ECO "C32"]
[WhiteElo "2141"]
[BlackElo "1958"]
[Annotator ",Martin"]
[PlyCount "55"]
[TimeControl "240+2"]

1. e4 e5 2. f4 d5 3. exd5 e4 4. d3 Nf6 5. dxe4 Nxe4 6. Nf3
Bc5 7. Qe2 O-O 8. Qxe4 Re8 9. Ne5 f6 10. Bd3 g6 11. Qc4 Qd6 12. Nc3 fxe5 13.
Ne4 exf4 14. Kf1 Rxe4 15. Qxe4 Bf5 16. Qxf4 Qxf4+ 17. Bxf4 Bxd3+ 18. cxd3 Na6
19. g3 Rd8 20. a3 Rxd5 21. Rd1 g5 22. Bc1 Rf5+ 23. Ke1 Bd4 24. Rf1 Re5+ 25. Kd2
Nc5 26. Rde1 Rd5 27. Kc2 Be5 28. Rf5 1-0

[Event "International chess holiday M21"]
[Site "Praha"]
[Date "2012.07.26"]
[Round "7"]
[White "Nilsson, Anders"]
[Black "Knechtel, Roland"]
[Result "1/2-1/2"]
[ECO "A42"]
[WhiteElo "2194"]
[BlackElo "2189"]
[Annotator ",Martin"]
[PlyCount "41"]
[TimeControl "240+2"]

1. d4 g6 2. c4 Bg7 3. Nc3 d6 4. e4 e5 5. Nge2 Nc6 6. d5
Nce7 7. g3 f5 8. Bg2 Nf6 9. O-O O-O 10. f4 exf4 11. Nxf4 fxe4 12. Nxe4 Nxe4 13.
Bxe4 Nf5 14. Qd3 Qf6 15. Ne6 Bxe6 16. dxe6 Qd4+ 17. Qxd4 Bxd4+ 18. Kg2 c6 19.
Bf4 Rae8 20. Rad1 Be5 21. Bxf5 1/2-1/2

[Event "International chess holiday M21"]
[Site "Praha"]
[Date "2012.07.26"]
[Round "7"]
[White "Powierski, Emil"]
[Black "Thomasson, Staffan"]
[Result "1-0"]
[ECO "B06"]
[WhiteElo "2092"]
[BlackElo "1931"]
[Annotator ",Martin"]
[PlyCount "41"]
[TimeControl "240+2"]

1. e4 g6 2. d4 Bg7 3. Nc3 d6 4. f4 a6 5.
Nf3 b5 6. Bd3 Bb7 7. O-O Nd7 8. e5 c5 9. Be4 Rb8 10. Bxb7 Rxb7 11. exd6 cxd4
12. Ne4 Qb6 13. a4 Nc5 14. Nxc5 Qxc5 15. axb5 Bh6 16. bxa6 Ra7 17. dxe7 Rxe7
18. a7 Rxa7 19. Rxa7 Qxa7 20. Re1+ Kd8 21. Ne5 neèitelné 1-0

[Event "International chess holiday M21"]
[Site "Praha"]
[Date "2012.07.26"]
[Round "7"]
[White "Hanko, Pavel"]
[Black "Gregor, Jiøí"]
[Result "0-1"]
[ECO "A43"]
[WhiteElo "2169"]
[BlackElo "2281"]
[Annotator ",Martin"]
[PlyCount "100"]
[TimeControl "240+2"]

1. d4 c5 2. d5 e6 3. c4 exd5 4. cxd5 d6 5. Nc3 a6 6. a4
Ne7 7. Nf3 Ng6 8. g3 Be7 9. Bg2 O-O 10. O-O Re8 11. Nd2 Nd7 12. f4 b6 13. Nc4
f5 14. e4 fxe4 15. Nxe4 Nf6 16. Ng5 Rb8 17. f5 Ne5 18. Nxe5 dxe5 19. Ne6 Qd6
20. g4 Bb7 21. g5 Nxd5 22. Nxg7 Kxg7 23. f6+ Kh8 24. fxe7 Qxe7 25. Qh5 Rf8 26.
Bd2 Nf4 27. Rxf4 Rxf4 28. Bxf4 exf4 29. Bxb7 Rxb7 30. Qg4 Qe3+ 31. Kh1 Rf7 32.
Rf1 Qe4+ 33. Rf3 Qxa4 34. h4 Qa1+ 35. Kg2 Qxb2+ 36. Kh3 Qe2 37. h5 Rf5 38. g6
hxg6 39. hxg6 Kg7 40. Qxf5 Qxf3+ 41. Kh4 Qg3+ 42. Kh5 Qh2+ 43. Kg4 Qe2+ 44. Kh4
Qe8 45. Kg5 Qe7+ 46. Kh5 f3 47. Qf4 f2 48. Qh6+ Kg8 49. Qf4 Qf8 50. Qc4+ Kg7
0-1

[Event "International chess holiday K21"]
[Site "Praha"]
[Date "2012.07.26"]
[Round "7"]
[White "Schimmer, Michael"]
[Black "Taylor, Robert"]
[Result "0-1"]
[ECO "B33"]
[WhiteElo "1884"]
[BlackElo "1950"]
[Annotator ",Martin"]
[PlyCount "40"]
[TimeControl "240+2"]

1. e4 c5 2. Nf3 e6 3. d4 cxd4 4. Nxd4 Nc6 5. Nc3 Nf6 6.
Ndb5 d6 7. Bf4 e5 8. Bg5 a6 9. Na3 Be7 10. Nc4 O-O 11. Bxf6 gxf6 12. Ne3 Kh8
13. Be2 Nd4 14. Bg4 Bxg4 15. Qxg4 Rg8 16. Qh3 b5 17. O-O Rc8 18. a3 Ne6 19.
Rad1 Nf4 20. Qf5 Rg5 0-1

[Event "International chess holiday K21"]
[Site "Praha"]
[Date "2012.07.26"]
[Round "7"]
[White "Koper, Štefan"]
[Black "Derfiòák, Patrik"]
[Result "1-0"]
[ECO "E18"]
[WhiteElo "1960"]
[BlackElo "1992"]
[Annotator ",Martin"]
[PlyCount "87"]
[TimeControl "240+2"]

1. d4 Nf6 2. c4 e6 3. Nf3 b6 4. g3 Bb7 5. Bg2 Be7 6. O-O
O-O 7. Nc3 d5 8. Ne5 Qc8 9. cxd5 exd5 10. Be3 Nbd7 11. Nd3 Re8 12. Rc1 Qd8 13.
b4 c6 14. a4 a6 15. Qb3 Bf8 16. Bf3 Ne4 17. Rc2 Qe7 18. Rb1 Qf6 19. Nf4 Rac8
20. Bg4 Qd6 21. Na2 h6 22. Nc1 Nef6 23. Bh3 Rcd8 24. Nfd3 Ne4 25. Bf4 Qe7 26.
Bc7 Rc8 27. Bxd7 Qxd7 28. Bxb6 Qf5 29. f3 Ng5 30. Nc5 Ba8 31. Qd3 Qh3 32. N1b3
Bd6 33. f4 Ne4 34. Qf3 g5 35. Nd3 Kh7 36. Nbc5 Rb8 37. a5 Bb7 38. Ne5 Bxc5 39.
bxc5 Re7 40. Rf1 Rbe8 41. fxg5 hxg5 42. Qf5+ Qxf5 43. Rxf5 Kg7 44. h4 neèitelné 1-0

[Event "International chess holiday K21"]
[Site "Praha"]
[Date "2012.07.26"]
[Round "7"]
[White "Powierski, Daniel"]
[Black "Hadžala, Christian"]
[Result "0-1"]
[ECO "C41"]
[WhiteElo "1953"]
[BlackElo "2126"]
[Annotator ",Martin"]
[PlyCount "82"]
[TimeControl "240+2"]

1. d4 Nf6 2. Nf3 d6 3. Nc3 Nbd7 4. e4 e5 5. Bc4 Be7 6. O-O
O-O 7. Re1 c6 8. a4 a5 9. b3 Qc7 10. Ba3 Nb6 11. Be2 Bg4 12. Ng5 Bxe2 13. Rxe2
Nh5 14. Nf3 Nf4 15. Re1 Rfe8 16. g3 Ne6 17. d5 cxd5 18. Nxd5 Nxd5 19. exd5 Nc5
20. Nd2 f5 21. Qe2 Bg5 22. Bxc5 Qxc5 23. c4 Qb4 24. Nf3 Bf6 25. Rab1 e4 26. Nd2
Bc3 27. Red1 e3 28. Nf3 exf2+ 29. Qxf2 Bf6 30. Nd4 Bxd4 31. Qxd4 Re2 32. Rf1 g6
33. g4 Re4 34. Qf6 Rf8 35. Qb2 Rxg4+ 36. Kh1 Re4 37. Kg2 Rfe8 38. Rf2 Qb6 39.
Qd2 Qc7 40. Rb2 b6 41. Qg5 Rg4+ 0-1

[Event "International chess holiday K22"]
[Site "Praha"]
[Date "2012.07.26"]
[Round "7"]
[White "Bouèek, Vlastimil"]
[Black "Lakoviè, Igor"]
[Result "1-0"]
[ECO "C36"]
[WhiteElo "2008"]
[BlackElo "1936"]
[Annotator ",Martin"]
[PlyCount "87"]
[TimeControl "240+2"]

1. e4 e5 2. f4 d5 3. exd5 exf4 4. Bb5+ c6 5. dxc6 Nxc6 6.
Nf3 Bd6 7. d4 Nf6 8. O-O O-O 9. c4 Bg4 10. Nc3 Rc8 11. Bxc6 Rxc6 12. b3 Re8 13.
Ne2 Nh5 14. a4 Qe7 15. Ra2 Bc7 16. Nc3 Qd8 17. Re2 Rxe2 18. Nxe2 Rg6 19. Qd3
Bh3 20. Rf2 Bg4 21. Bd2 Re6 22. b4 g5 23. d5 h6 24. Ned4 Re8 25. Re2 Ng7 26.
Rxe8+ Qxe8 27. a5 Qa4 28. c5 Qa1+ 29. Qf1 Qb2 30. d6 Bd8 31. Qc1 Qa2 32. Ne5
Qd5 33. Ndf3 Be6 34. h3 Nf5 35. Qe1 Ng3 36. Ng4 Ne4 37. Nxh6+ Kg7 38. Ng4 b6
39. axb6 axb6 40. Nf2 Ng3 41. Bc3+ f6 42. Nxg5 Qxg5 43. Qxe6 f3 44. Qg4 1-0

[Event "International chess holiday K22"]
[Site "Praha"]
[Date "2012.07.26"]
[Round "7"]
[White "Èisárik, Pavol"]
[Black "Wolf, Ulrich"]
[Result "0-1"]
[ECO "B42"]
[WhiteElo "1728"]
[BlackElo "2056"]
[Annotator ",Martin"]
[PlyCount "86"]
[TimeControl "240+2"]

1. e4 c5 2. Nf3 e6 3. d4 cxd4 4. Nxd4 a6 5. Nc3 Qc7 6. Bd3
Nf6 7. O-O Be7 8. Be3 d6 9. f4 h5 10. h3 Nbd7 11. f5 e5 12. Nf3 b5 13. Nd5 Nxd5
14. exd5 Nf6 15. Ng5 Bb7 16. Be4 Rc8 17. Rc1 Nxe4 18. Nxe4 Qc4 19. Nc3 b4 20.
Na4 Bd8 21. Nb6 Bxb6 22. Bxb6 Bxd5 23. Qd3 Qc6 24. Bf2 Bc4 25. Qg3 Bxf1 26.
Qxg7 Qxg2+ 27. Qxg2 Bxg2 28. Kxg2 Rg8+ 29. Kf3 Rc4 30. Rd1 Ke7 31. Rd5 Rf4+ 32.
Ke2 Rxf5 33. Ra5 Ra8 34. Be1 Rf4 35. Bg3 Rc4 36. Kd3 Rc6 37. Be1 Rb8 38. c4
bxc3 39. Bxc3 Ke6 40. Ra4 f5 41. Rh4 Rh8 42. Ke3 f4+ 43. Kf3 Rh7 0-1

[Event "International chess holiday K22"]
[Site "Praha"]
[Date "2012.07.26"]
[Round "7"]
[White "Vítek, Jan"]
[Black "Borries, Barbara"]
[Result "1/2-1/2"]
[ECO "C55"]
[WhiteElo "1970"]
[BlackElo "1647"]
[Annotator ",Martin"]
[PlyCount "62"]
[TimeControl "240+2"]

1. e4 e5 2. Nf3 Nc6 3. Bc4 Be7 4. c3 Nf6 5. d3 O-O 6. Bb3
d6 7. O-O Bg4 8. Nbd2 Qd7 9. Re1 a6 10. Nf1 Rfe8 11. Ng3 g6 12. h3 Be6 13. Bc2
Bf8 14. Ng5 Bg7 15. Be3 d5 16. Nxe6 fxe6 17. Qd2 Rad8 18. Rad1 Kh8 19. Bh6 Qd6
20. Bxg7+ Kxg7 21. exd5 exd5 22. Qg5 Kh8 23. d4 exd4 24. Rxe8+ Rxe8 25. cxd4
Qe6 26. a3 Na5 27. b3 b6 28. Kh2 Nb7 29. Rd3 Qd6 30. Re3 Rxe3 31. Qxe3 Nd8
1/2-1/2

[Event "International chess holiday K22"]
[Site "Praha"]
[Date "2012.07.26"]
[Round "7"]
[White "Bílek, Roman"]
[Black "Franìk, Jan"]
[Result "0-1"]
[ECO "C89"]
[WhiteElo "1972"]
[BlackElo "1965"]
[Annotator ",Martin"]
[PlyCount "48"]
[TimeControl "240+2"]

1. e4 e5 2. Nf3 Nc6 3. Bb5 a6 4. Ba4 Nf6 5. O-O Be7 6. Re1
b5 7. Bb3 O-O 8. c3 d5 9. exd5 Nxd5 10. d4 exd4 11. cxd4 Bf6 12. Nc3 Nb6 13. d5
Ne7 14. Ne4 Nexd5 15. Nxf6+ Nxf6 16. Bg5 Bb7 17. Qxd8 Raxd8 18. Bxf6 gxf6 19.
Rac1 Rd7 20. Nh4 Nd5 21. Nf5 Nf4 22. Rc3 Kh8 23. Rce3 Rg8 24. Re8 Nh3+ 0-1

[Event "International chess holiday K22"]
[Site "Praha"]
[Date "2012.07.26"]
[Round "7"]
[White "Krischke, Arnold"]
[Black "Hánl, František"]
[Result "1-0"]
[ECO "A39"]
[WhiteElo "2039"]
[BlackElo "1911"]
[Annotator ",Martin"]
[PlyCount "79"]
[TimeControl "240+2"]

1. c4 c5 2. g3 g6 3. Bg2 Bg7 4. Nc3 Nc6 5. Nf3 Nf6 6. O-O O-O 7. d4 cxd4 8.
Nxd4 Nxd4 9. Qxd4 d6 10. Qd3 a6 11. Be3 Qc7 12. Rac1 Be6 13. Nd5 Bxd5 14. cxd5
Qd7 15. Rc4 e5 16. dxe6 fxe6 17. Rfc1 Rfc8 18. Rxc8+ Rxc8 19. Rxc8+ Qxc8 20.
Qxd6 Ne8 21. Qe7 Nc7 22. Bh3 Bf8 23. Qg5 Qd7 24. Qe5 Bg7 25. Qe4 Kf7 26. Qxb7
Be5 27. f4 Qd1+ 28. Kf2 Bd6 29. Qc6 Ke7 30. Bc5 Nb5 31. Qb7+ Kf6 32. Bb6 Bb4
33. Qe4 Be1+ 34. Kg2 Qd7 35. a4 Nd6 36. Qd4+ Kf7 37. Kf1 Qc6 38. Kxe1 Ne4 39.
Bg2 Qc1+ 40. Qd1 1-0

[Event "International chess holiday M21"]
[Site "Praha"]
[Date "2012.07.26"]
[Round "8"]
[White "Powierski, Emil"]
[Black "Michálek, František"]
[Result "1/2-1/2"]
[ECO "B03"]
[WhiteElo "2136"]
[BlackElo "2071"]
[Annotator ",Martin"]
[PlyCount "63"]
[TimeControl "240+2"]

1. e4 Nf6 2. e5 Nd5 3. d4 d6 4. c4 Nb6 5. exd6 cxd6 6. Nc3
g6 7. Be3 Bg7 8. Rc1 Nc6 9. b3 O-O 10. d5 Ne5 11. Be2 f5 12. f4 Ng4 13. Bxg4
fxg4 14. Nge2 Bf5 15. O-O Nd7 16. Nd4 a5 17. Qd2 Nc5 18. Nxf5 gxf5 19. Bxc5
dxc5 20. Rfe1 Bd4+ 21. Kh1 Ra6 22. Nb5 Bf6 23. Qf2 Qc8 24. a4 Rd8 25. Re2 e6
26. d6 Raxd6 27. Nxd6 Rxd6 28. Rd2 Qd8 29. Rcd1 Rd4 30. Rxd4 Bxd4 31. Qg3 h5
32. h4 1/2-1/2

[Event "International chess holiday M21"]
[Site "Praha"]
[Date "2012.07.26"]
[Round "8"]
[White "Knechtel, Roland"]
[Black "Hanko, Pavol"]
[Result "1-0"]
[ECO "E61"]
[WhiteElo "2189"]
[BlackElo "2169"]
[Annotator ",Martin"]
[PlyCount "77"]
[TimeControl "240+2"]

1. d4 Nf6 2. c4 g6 3. Nc3 Bg7 4. Nf3 O-O 5. Bg5 h6 6. Bh4
d6 7. e3 Nbd7 8. Be2 g5 9. Bg3 Nh5 10. Qc2 e5 11. Rd1 c6 12. dxe5 Nxg3 13. hxg3
dxe5 14. a3 Qe7 15. Ne4 f5 16. Nd6 e4 17. Nxc8 Raxc8 18. Nd4 Rf6 19. g4 f4 20.
Nf5 Qe6 21. Rd6 Qf7 22. c5 b5 23. cxb6 Nxb6 24. Qxe4 Nd5 25. Bc4 Re8 26. Bxd5
cxd5 27. Qxd5 Qxd5 28. Rxd5 Rc6 29. Ke2 Rc2+ 30. Kf3 fxe3 31. fxe3 Bxb2 32.
Nxh6+ Kf8 33. Rf5+ Ke7 34. Rf7+ Ke6 35. Rxa7 Rd8 36. Nf5 Bc3 37. Rh6+ Ke5 38.
Rc6 Kd5 39. Rac7 1-0

[Event "International chess holiday M21"]
[Site "Praha"]
[Date "2012.07.26"]
[Round "8"]
[White "Gregor, Jiøí"]
[Black "Moravec, Vít"]
[Result "1/2-1/2"]
[ECO "D61"]
[WhiteElo "2281"]
[BlackElo "2141"]
[Annotator ",Martin"]
[PlyCount "35"]
[TimeControl "240+2"]

1. d4 Nf6 2. c4 e6 3. Nc3 d5 4. Nf3 Nbd7 5. Bg5 Be7 6. e3
O-O 7. Qc2 c5 8. dxc5 Nxc5 9. Rd1 Qa5 10. cxd5 exd5 11. Be2 Nce4 12. Bf4 Nxc3
13. bxc3 Ne4 14. Be5 Bf6 15. Bxf6 Nxf6 16. O-O Bd7 17. Rd4 Rac8 18. c4 1/2-1/2